 Dungeon Crawl Stone Soup version 0.30-a0-134-gb40fab5c76 (webtiles) character file.

Game seed: 5189595343528199134

2 IdlyInterested the Covered (level 1, -1/15 HPs)
             Began as a Demonspawn Wanderer on Sept 19, 2022.
             Frozen to death by an endoplasm (5 damage)
             ... on level 1 of the Dungeon.
             The game lasted 00:00:47 (74 turns).

IdlyInterested the Covered (Demonspawn Wanderer)      Turns: 74, Time: 00:00:47

Health: -1/15      AC:  8    Str: 15    XL:     1   Next: 25%
Magic:  2/2        EV:  6    Int: 10    God:
Gold:   0          SH:  0    Dex: 12    Spells: 1/2 levels left

rFire   . . .      SeeInvis .    a - +0 club
rCold   . . .      Faith    .    (no shield)
rNeg    . . .      Spirit   .    d - +2 scale mail
rPois   .          Reflect  .    (no helmet)
rElec   .          Harm     .    (no cloak)
rCorr   .          Rampage  .    (no gloves)
Will    .....                    (no boots)
Stlth   ..........               (no amulet)
HPRegen 0.05/turn                (no ring)
MPRegen 0.08/turn                (no ring)

@: constricted
A: no striking features
a: no special abilities


You were on level 1 of the Dungeon.
You visited 1 branch of the dungeon, and saw 1 of its levels.

Inventory:

Hand Weapons
 a - a +0 club (weapon)
Armour
 d - a +2 scale mail (worn)
Scrolls
 c - a scroll of vulnerability
Potions
 b - a potion of lignification


   Skills:
 * Level 1.2 Fighting
 - Level 1.0 Throwing
 + Level 3.6 Armour
 - Level 1.0 Spellcasting
 - Level 2.6 Air Magic


You had one spell level left.
You knew the following spells:

 Your Spells              Type           Power      Damage    Failure   Level
a - Shock                 Conj/Air       12%        1d3       58%         1

Your spell library contained the following spells:

 Spells                   Type           Power      Damage    Failure   Level
 Swiftness                Air            5%         N/A       77%         3


Dungeon Overview and Level Annotations

Branches:
Dungeon (1/15)

Altars:


Message History

The ball python bites you but does no damage.
The ball python constricts you.
You barely miss the hobgoblin.
The hobgoblin is heavily wounded.
The ball python bites you. The ball python constricts you.
The hobgoblin hits you.
You closely miss the hobgoblin.
The hobgoblin is heavily wounded.
The ball python closely misses you. The ball python constricts you.
The hobgoblin hits you but does no damage.
The frilled lizard bites you but does no damage.
The ball python bites you but does no damage.
The ball python constricts you. The hobgoblin hits you.
The frilled lizard bites you but does no damage.
You hit the hobgoblin.
The hobgoblin is almost dead.
The ball python bites you but does no damage.
The ball python constricts you. The hobgoblin hits you.
* * * LOW HITPOINT WARNING * * *
The frilled lizard bites you but does no damage.
The ball python bites you but does no damage.
The ball python constricts you.
You closely miss the hobgoblin.
The hobgoblin is almost dead.
The ball python bites you but does no damage.
The ball python constricts you. The hobgoblin closely misses you.
The frilled lizard barely misses you.
Unknown command.
You closely miss the hobgoblin.
The hobgoblin is almost dead.
The ball python barely misses you. The ball python constricts you.
The hobgoblin barely misses you.
The frilled lizard bites you but does no damage.
The ball python barely misses you. The ball python constricts you.
Unknown command.
You hit the hobgoblin.
You kill the hobgoblin!
The endoplasm freezes you.
You are frozen.
You die...

.#.##. ..##... .....
..##.##.?.!..##.....#>#
##.#.#..#...#..#....##.
###..#...#..##...#...##+#
..#.#..#......#.[.#......
.#.##..##.##.............
#..#.#..#..#..##J..#...8.
..##..#.†.#....#Sl..#....
#...##.##...##.†@J.$.....
#########################


You could see 2 endoplasms, a ball python and a frilled lizard.

Vanquished Creatures
  2 hobgoblins (D:1)
  A bat (D:1)
3 creatures vanquished.

Notes
Turn   | Place    | Note
-------+----------+-------------------------------------------
     0 | D:1      | IdlyInterested the Demonspawn Wanderer began the quest for
                  | the Orb.
     0 | D:1      | IdlyInterested set off with the following items: a +0 club,
                  | a potion of lignification, a scroll of vulnerability, a +2
                  | scale mail; and the following spell memorised: Shock; and
                  | the following spells available to memorise: Swiftness.
     0 | D:1      | Reached XP level 1. HP: 15/15 MP: 2/2
    74 | D:1      | Frozen to death by an endoplasm

Illustrated notes

Levels and vault maps discovered:
D:1:      erik_arrival_cave_to_civilisation [erik_arrival_cave_to_hall],
          layout_rooms, shapermc_ecumenical_altar_starsandcircs, serial_shops,
          shop, minmay_small_reverse_x

Action                   || total
-------------------------++-------
Melee: Club              ||    14
Armor: Scale mail        ||    16
Dodge: Dodged            ||    12

Table legend: (Time is in decaauts)
 A = Elapsed time spent in this place.
 B = Non-inter-level travel time spent in this place.
 C = Inter-level travel time spent in this place.
 D = Time resting spent in this place.
 E = Time spent auto-exploring this place.
 F = Levels seen in this place.
 G = Mean time per level.
                   A        B        C        D        E       F      G
               +--------+--------+--------+--------+--------+-----+--------+
         Total |     77 |     61 |     16 |      0 |     16 |   1 |   77.0 |
       Dungeon |     77 |     61 |     16 |      0 |     16 |   1 |   77.0 |
               +--------+--------+--------+--------+--------+-----+--------+

Top non-repeatable levels by time:
     D:1: 77 daAuts
